 Dungeon Crawl Stone Soup version 0.26.1-11-gd32895ea62 (webtiles) character file.

Game seed: 3235217318175025644

33833 Mattiprrivan the Cruncher (level 13, -3/91 HPs)
             Began as a Demonspawn Fighter on May 15, 2021.
             Was an Elder of Trog.
             Slain by a merfolk impaler
             ... wielding a +0 trident
              (14 damage)
             ... on level 3 of the Shoals on May 16, 2021.
             The game lasted 02:14:52 (16096 turns).

Mattiprrivan the Cruncher (Demonspawn Fighter)     Turns: 16096, Time: 02:14:53

Health: -3/91      AC: 37    Str: 27    XL:     13   Next: 38%
Magic:  13/13      EV: 14    Int:  9    God:    Trog [****..]
Gold:   1025       SH:  0    Dex: 23    Spells: 12/12 levels left

rFire    x . .     SeeInvis .   d - +7 quarterstaff (chaos)
rCold    + + +     Faith    .   (shield currently unavailable)
rNeg     . . .     Spirit   .   C - +10 ice dragon scales "Roshaud" {rF- rC++ Will+ Dex+3}
rPois    .         Reflect  .   q - +1 hat
rElec    .         Harm     .   i - +0 cloak
rCorr    .         Rampage  .   v - +2 pair of gloves
Will     +....                  (no boots)
Stlth    ++........             (no amulet)
HPRegen  0.25/turn              B - +6 ring of strength
MPRegen  0.13/turn              g - +6 ring of dexterity

@: mesmerised, studying Staves
A: antennae 1, claws 1, talons 2, cold resistance 1, icemail, powered by pain 2,
freezing cloud immunity
a: Renounce Religion, Berserk, Trog's Hand, Brothers in Arms


You were on level 3 of the Shoals.
You worshipped Trog.
Trog was greatly pleased with you.
You visited 3 branches of the dungeon, and saw 16 of its levels.

You collected 1025 gold pieces.

Inventory:

Hand Weapons
 d - a +7 quarterstaff of chaos (weapon)
 s - a +4 vorpal dire flail
 x - a +2 war axe of electrocution
Missiles
 e - 66 poisoned darts (quivered)
 j - 3 throwing nets
 k - 16 boomerangs
 p - 3 atropa-tipped darts
Armour
 c - a +1 kite shield
 i - a +0 cloak (worn)
 m - a +2 leather armour of fire resistance
 n - +2 acid dragon scales
 q - a +1 hat (worn)
 v - a +2 pair of gloves (worn)
 C - the +10 ice dragon scales "Roshaud" (worn) {rF- rC++ Will+ Dex+3}
   (You found it on level 2 of the Lair of Beasts)

   It affects your dexterity (+3).
   It makes you vulnerable to fire.
   It greatly protects you from cold.
   It affects your willpower, your defense against some magical effects.
Jewellery
 g - a +6 ring of dexterity (right hand)
 r - an uncursed ring of flight
 B - a +6 ring of strength (left hand)
 G - an uncursed amulet of guardian spirit {unknown}
Wands
 a - a wand of paralysis (6)
 b - a wand of iceblast (3)
 f - a wand of digging (11)
 u - a wand of enslavement (1)
 y - a wand of disintegration (1)
 F - a wand of flame (15)
Scrolls
 h - a scroll of fog
 l - 4 scrolls of identify
 A - 3 scrolls of remove curse
 D - a scroll of magic mapping
Potions
 o - a potion of curing
 t - 5 potions of might
 w - 4 potions of flight
Books
 z - a manual of Staves


   Skills:
 + Level 5.3 Fighting
 * Level 6.9(8.6) Axes
 * Level 5.2(9.8) Maces & Flails
 * Level 5.4(10.0) Polearms
 * Level 10.9(11.8) Staves
 * Level 5.9 Throwing
 * Level 6.5 Armour
 * Level 5.2 Dodging
 * Level 6.1 Stealth
 * Level 6.1 Shields
 * Level 5.3 Unarmed Combat
 * Level 6.1 Evocations


You had 12 spell levels left.
You didn't know any spells.
Your spell library was empty.

Dungeon Overview and Level Annotations

Branches:
Dungeon (10/15)            Temple (0/1) D:7            Lair (3/6) D:10
 Shoals (3/4) Lair:3        Snake (0/4) Lair:2
    Orc: D:9-12

Altars:
Ashenzari
Elyvilon
Fedhas
Hepliaklqana
Makhleb
Nemelex Xobeh
Okawaru
Trog
Uskayaw
Vehumet
Zin

Annotations:
Shoals:2 2 transporters, exclusion: orange crystal statue


Innate Abilities, Weirdness & Mutations

You have a pair of small antennae on your head.
You have sharp fingernails.
You have razor-sharp toenails.
Your flesh is cold resistant. (rC+)
A meltable icy envelope protects you from harm. (AC +10)
You sometimes gain power by taking damage.
You are immune to freezing clouds.


Message History

Something hits your ogre!!
Your ogre rages.
Something hits your ogre.
Your ogre barely misses the merfolk siren.
Something hits your ogre!
Your ogre dies!
Your ogre's corpse disappears in a puff of smoke!
The merfolk siren hits your ogre with a +0 trident.
Your ogre disappears in a puff of smoke!
The merfolk impaler shouts!
The merfolk siren chants a haunting song.
You are mesmerised by the merfolk siren!
Your ogre goes berserk!
The merfolk siren chants its luring song.
The merfolk siren chants its luring song.
Your ogre rages.
Your ogre hits the merfolk impaler with a +0 giant club!!
The merfolk siren chants its luring song.
The merfolk impaler hits you from afar with a +0 trident!
You die...

≈≈≈≈≈≈≈≈≈≈≈≈≈≈≈≈≈≈≈≈≈≈≈
≈≈≈≈≈≈≈≈≈≈≈≈≈≈≈≈≈≈≈≈≈≈≈≈≈≈≈
≈≈≈≈≈≈≈≈≈...m.OO≈≈≈≈≈...≈≈≈
≈≈≈...≈..######.≈≈≈≈≈≈..≈≈...
≈.###..## #.O..≈≈≈≈≈≈≈..
#m.### #O....≈≈≈≈≈...
#..†.#####.≈...≈≈≈≈≈^#
##..≈.m##.......≈≈≈≈≈.##.
≈...≈≈≈≈.O@.†..≈..≈.≈≈≈....
≈≈≈≈≈≈≈≈≈≈≈≈≈≈≈≈≈≈.≈..≈≈≈..≈
≈≈≈≈≈≈≈≈≈≈≈≈≈≈≈..≈≈≈.<≈≈≈≈≈≈
≈≈≈≈≈≈≈≈≈≈≈≈≈≈≈..≈≈..≈≈≈≈≈≈≈
≈≈≈≈≈≈≈≈≈≈≈≈≈≈..≈≈≈≈.≈≈≈≈≈≈≈
≈≈≈≈≈≈≈≈≈.≈≈≈$.≈≈≈.≈≈≈≈≈≈≈≈≈
≈≈≈≈≈≈≈≈≈≈≈..≈≈≈..≈≈≈≈≈≈≈≈
≈≈≈≈≈≈≈≈≈≈...≈≈.≈≈≈≈≈≈≈≈≈
≈≈≈≈≈.##(≈.≈≈≈≈≈≈≈≈≈


You could see a merfolk impaler, a merfolk siren (mesmerising) and a friendly
ogre (summoned, berserk).

Vanquished Creatures
  Gastronok (Lair:3)
  The ghost of Sliveroverlord the Cleaver, a journeyman MiBe of Trog (Lair:2)
  2 merfolk impalers (Shoals:1)
  Harold (D:9)
  A boulder beetle (Lair:3)
  2 hydras (Lair:2)
  A centaur warrior (D:9)
  3 two-headed ogres
  4 sea snakes
  3 harpies (Shoals:1)
  4 manticores
  2 merfolk sirens
  A water nymph (Shoals:1)
  5 black mambas
  4 elephants (Lair:3)
  A centaur skeleton (D:10)
  9 cane toads
  Maggie (D:6)
  2 komodo dragons
  A polar bear (Lair:3)
  A wind drake (Shoals:1)
  Prince Ribbit (D:9)
  A snapping turtle (Shoals:2)
  4 wyverns
  3 water elementals
  13 yaks
  A basilisk (Lair:1)
  Eustachio (D:4)
  Edmund (D:5)
  16 water moccasins
  2 black bears
  An orc warrior (D:8)
  An ice beast (D:8)
  An eye of draining (D:9)
  4 ogres
  10 wolves (Lair:3)
  A boggart (D:7)
  2 centaurs (D:10)
  A big kobold (D:9)
  4 bullfrogs
  5 scorpions
  16 killer bees
  A howler monkey (D:5)
  A crimson imp (D:9)
  2 bullfrog zombies
  A quasit (D:6)
  A centaur zombie (D:5)
  A gnoll shaman (D:6)
  A hound (D:10)
  8 orc priests
  5 iguanas
  2 jellies
  Crazy Yiuf (D:2)
  Jessica (D:2)
  Natasha (thrice) (D:4)
  8 orc wizards
  2 worker ants
  A killer bee zombie (D:9)
  A hound zombie (D:9)
  2 hound skeletons
  4 gnolls (D:6)
  12 adders
  A shadow imp (D:8)
  4 white imps
  2 ufetubi
  An ooze (D:4)
  2 adder zombies
  A worm (D:2)
  2 dart slugs (D:2)
  A leopard gecko (D:5)
  25 orcs
  A ball python (D:1)
  3 giant cockroaches
  7 goblins
  9 hobgoblins
  13 jackals
  3 quokkas
  5 bats
  10 frilled lizards
  A jackal skeleton (D:7)
  4 kobolds
  A leopard gecko zombie (D:6)
  A quokka zombie (D:6)
  7 rats
301 creatures vanquished.

Vanquished Creatures (collateral kills)
  Frances (Shoals:1)
  2 sea snakes (Shoals:3)
  A cane toad (Lair:2)
  2 snapping turtles (Shoals:3)
  A basilisk (Lair:2)
  A water moccasin (Lair:2)
8 creatures vanquished.

Vanquished Creatures (others)
  An elephant (Lair:3)
  17 fungi
  36 plants
54 creatures vanquished.

Grand Total: 363 creatures vanquished

Notes
Turn   | Place    | Note
-------+----------+-------------------------------------------
     0 | D:1      | Mattiprrivan the Demonspawn Fighter began the quest for the
                  | Orb.
     0 | D:1      | Reached XP level 1. HP: 18/18 MP: 1/1
   106 | D:1      | Gained mutation: You have a pair of small antennae on your
                  | head. [demonic ancestry]
   106 | D:1      | Reached XP level 2. HP: 24/24 MP: 2/2
   794 | D:2      | Gained mutation: You have sharp toenails. [demonic
                  | ancestry]
   794 | D:2      | Reached XP level 3. HP: 17/29 MP: 3/3
   957 | D:2      | Noticed Jessica
   974 | D:2      | Killed Jessica
  1110 | D:2      | Found a runed translucent door.
  1111 | D:2      | Noticed Crazy Yiuf
  1117 | D:2      | Killed Crazy Yiuf
  1118 | D:2      | Gained mutation: Your flesh is cold resistant. (rC+)
                  | [demonic ancestry]
  1118 | D:2      | Reached XP level 4. HP: 35/35 MP: 4/4
  1530 | D:2      | Reached skill level 1 in Staves
  2033 | D:3      | Found a faded altar of an unknown god.
  2035 | D:3      | Became a worshipper of Trog the Wrathful
  2035 | D:3      | Reached * piety under Trog
  2980 | D:4      | Gained mutation: You are immune to freezing clouds.
                  | [demonic ancestry]
  2980 | D:4      | Reached XP level 5. HP: 41/41 MP: 5/5
  3179 | D:4      | Reached skill level 2 in Staves
  3231 | D:4      | Found a white marble altar of Elyvilon.
  3250 | D:4      | Noticed Natasha
  3253 | D:4      | Killed Natasha
  3288 | D:4      | Noticed Natasha
  3293 | D:4      | Noticed Eustachio
  3296 | D:4      | Killed Natasha
  3297 | D:4      | Reached skill level 3 in Staves
  3298 | D:4      | Killed Eustachio
  3299 | D:4      | Reached skill level 4 in Staves
  3299 | D:4      | Gained mutation: You sometimes gain a little power by
                  | taking damage. [demonic ancestry]
  3299 | D:4      | Reached XP level 6. HP: 39/47 MP: 6/6
  3396 | D:4      | Noticed Natasha
  3400 | D:4      | Killed Natasha
  3961 | D:5      | Entered Level 5 of the Dungeon
  3969 | D:5      | Noticed an ice beast
  4171 | D:5      | Reached skill level 1 in Throwing
  4171 | D:5      | Gained mutation: A meltable icy envelope protects you from
                  | harm. (AC +10) [demonic ancestry]
  4171 | D:5      | Reached XP level 7. HP: 52/52 MP: 7/7
  4198 | D:5      | Noticed Edmund
  4460 | D:5      | Killed Edmund
  4461 | D:5      | Reached skill level 5 in Staves
  4461 | D:5      | Reached skill level 1 in Dodging
  4461 | D:5      | Reached skill level 1 in Stealth
  4461 | D:5      | Reached skill level 1 in Unarmed Combat
  4672 | D:5      | Reached ** piety under Trog
  4704 | D:5      | Found a hide-covered altar of Uskayaw.
  4704 | D:5      | Found a sparkling altar of Nemelex Xobeh.
  4712 | D:5      | Found a blossoming altar of Fedhas.
  4715 | D:5      | Found an iron altar of Okawaru.
  4717 | D:5      | Found a hazy altar of Hepliaklqana.
  4756 | D:5      | Reached skill level 1 in Evocations
  4942 | D:5      | Gained mutation: You have sharp fingernails. [demonic
                  | ancestry]
  4942 | D:5      | Reached XP level 8. HP: 49/58 MP: 8/8
  4944 | D:5      | Reached skill level 1 in Maces & Flails
  4944 | D:5      | Reached skill level 1 in Polearms
  5460 | D:6      | Noticed Maggie
  5467 | D:6      | Killed Maggie
  6443 | D:7      | Reached skill level 6 in Staves
  6484 | D:7      | Reached XP level 9. HP: 64/64 MP: 9/9
  6713 | D:7      | Found a staircase to the Ecumenical Temple.
  6746 | D:7      | Reached *** piety under Trog
  6993 | D:7      | Found a broken altar of Ashenzari.
  7179 | D:8      | Noticed a two-headed ogre
  7192 | D:8      | Killed a two-headed ogre
  7734 | D:8      | Found a glowing silver altar of Zin.
  7905 | D:9      | Noticed Prince Ribbit
  7919 | D:9      | Reached skill level 7 in Staves
  7919 | D:9      | Killed Prince Ribbit
  7937 | D:9      | Noticed a centaur warrior
  7957 | D:9      | Killed a centaur warrior
  7958 | D:9      | Reached skill level 5 in Axes
  7958 | D:9      | Gained mutation: You have razor-sharp toenails. [demonic
                  | ancestry]
  7958 | D:9      | Reached XP level 10. HP: 52/71 MP: 8/10
  8228 | D:9      | Noticed Harold
  8241 | D:9      | Killed Harold
  8334 | D:9      | Found a radiant altar of Vehumet.
  8335 | D:9      | Found a burning altar of Makhleb.
  8521 | D:9      | Reached **** piety under Trog
  8822 | D:10     | Entered Level 10 of the Dungeon
  9193 | D:10     | Found a staircase to the Lair.
  9233 | D:10     | Noticed a two-headed ogre
  9237 | D:10     | Noticed a two-headed ogre
  9250 | D:10     | Killed a two-headed ogre
  9251 | D:10     | Reached skill level 8 in Staves
  9253 | D:10     | Killed a two-headed ogre
  9254 | D:10     | Reached XP level 11. HP: 77/77 MP: 11/11
  9389 | Lair:1   | Entered Level 1 of the Lair of Beasts
 10741 | Lair:2   | Reached skill level 5 in Armour
 10864 | Lair:2   | Noticed an eight-headed hydra
 10886 | Lair:2   | Killed an eight-headed hydra
 10887 | Lair:2   | Reached skill level 5 in Shields
 11182 | Lair:2   | Reached skill level 5 in Throwing
 11190 | Lair:2   | Reached skill level 9 in Staves
 11315 | Lair:2   | Noticed a seven-headed hydra
 11327 | Lair:2   | Killed a seven-headed hydra
 11328 | Lair:2   | Reached skill level 5 in Evocations
 11605 | Lair:2   | Reached skill level 5 in Stealth
 11726 | Lair:2   | Gained mutation: You sometimes gain power by taking damage.
                  | [demonic ancestry]
 11726 | Lair:2   | Reached XP level 12. HP: 72/84 MP: 12/12
 11734 | Lair:2   | Reached ***** piety under Trog
 11878 | Lair:2   | Found a staircase to the Snake Pit.
 12176 | Lair:2   | Found a large runed translucent door.
 12176 | Lair:2   | Found a large runed translucent door.
 12179 | Lair:2   | Noticed Sliveroverlord's ghost (journeyman MiBe)
 12195 | Lair:2   | Killed Sliveroverlord's ghost
 12255 | Lair:2   | Got slimy ice dragon scales
 12256 | Lair:2   | Identified the +10 ice dragon scales "Roshaud" {rF- rC++
                  | Will+ Dex+3} (You found it on level 2 of the Lair of
                  | Beasts)
 12622 | Lair:3   | Found a staircase to the Shoals.
 13401 | Lair:3   | Noticed a boulder beetle
 13415 | Lair:3   | Killed a boulder beetle
 13643 | Lair:3   | Noticed Gastronok
 13666 | Lair:3   | Killed Gastronok
 13667 | Lair:3   | Reached skill level 5 in Fighting
 13667 | Lair:3   | Reached skill level 5 in Polearms
 13667 | Lair:3   | Reached skill level 10 in Staves
 14020 | Shoals:1 | Entered Level 1 of the Shoals
 14563 | Shoals:1 | Reached skill level 5 in Unarmed Combat
 14594 | Shoals:1 | Noticed Frances
 14602 | Shoals:1 | Killed Frances
 14672 | Shoals:1 | Identified a scroll of acquirement
 14680 | Shoals:1 | Reached XP level 13. HP: 51/91 MP: 13/13
 14775 | Shoals:1 | Noticed a merfolk impaler
 14806 | Shoals:1 | Killed a merfolk impaler
 14807 | Shoals:1 | Reached skill level 5 in Maces & Flails
 14807 | Shoals:1 | Reached skill level 5 in Dodging
 15025 | Shoals:1 | Acquired a manual of Staves
 15349 | Shoals:1 | Noticed a merfolk impaler
 15368 | Shoals:1 | Killed a merfolk impaler
 15977 | Shoals:2 | Found a transporter.
 16009 | Shoals:2 | Found a transporter.
 16048 | Shoals:3 | Noticed a merfolk impaler
 16096 | Shoals:3 | Slain by a merfolk impaler

Illustrated notes

Levels and vault maps discovered:
D:1:      dpeg_arrival_chambers_temple_mockup, layout_basic
D:2:      layout_rooms, serial_corexii_hall, chequers_hall_statues_wall_a,
          chequers_hall_statues_wall_a, chequers_hall_statues_wall_a,
          chequers_hall_statues_wall_a, chequers_hall_statues_corner_a,
          corexii_hall_statues_i, chequers_hall_statues_y,
          uniq_crazy_yiuf_cottage, uniq_jessica
D:3:      layout_basic, chequers_ecumenical_altar_twisty
D:4:      layout_loops_corners, overflow_temple_1_default, uniq_natasha,
          uniq_eustachio
D:5:      layout_loops_corners, chequers_temple_overflow_minitemple, uniq_edmund
D:6:      layout_loops_corners, uniq_maggie
D:7:      layout_basic, minmay_temple_entry_crystal_x,
          cheibrodos_ashenzari_chains
D:8:      layout_loops_cross, zin_statuary
D:9:      layout_long_grid, grunt_temple_overflow_lords_of_destruction,
          blue_anna_alchemist [blue_anna_fruit_fields, blue_anna_fruit_fields],
          uniq_prince_ribbit1, uniq_harold
D:10:     layout_rooms, lair_entry_dummy, st_stairs_5
Lair:1:   layout_roguey, chequers_serial_rivers_micro_b, grunt_megastairs_2,
          lemuel_fruit_fields
Lair:2:   layout_gridlike, minmay_snake_entry_six_corridors,
          ebering_ghost_disaster_area
Lair:3:   layout_regular_city, elwin_shoals_entry_rocks, minmay_holes,
          infiniplex_staircase_pool_2, uniq_gastronok
Shoals:1: layout_shoals, uniq_frances
Shoals:2: gammafunk_sealed_arena, layout_shoals, serial_shops, shop
Shoals:3: layout_shoals

Skill      XL: |  1  2  3  4  5  6  7  8  9 10 11 12 13 |
---------------+----------------------------------------+-----
Axes           | 2 3 4 5 6 |  6.9
Staves         | 1 4 5 6 7 8 9 10 | 10.9
Throwing       | 1 2 3 4 5 |  5.9
Armour         | 3 4 5 6 |  6.5
Dodging        | 1 2 3 4 5 |  5.2
Stealth        | 1 2 3 4 5 6 |  6.1
Shields        | 3 4 5 6 |  6.1
Unarmed Combat | 1 2 3 4 5 |  5.3
Evocations     | 1 2 3 5 6 |  6.1
Maces & Flails | 1 2 3 4 5 |  5.2
Polearms       | 2 3 4 5 |  5.4
Fighting       | 4 5 |  5.3

Action                   |  1- 3 |  4- 6 |  7- 9 | 10-12 | 13-15 || total
-------------------------+-------+-------+-------+-------+-------++-------
Melee: War axe           |    70 |     5 |       |     9 |       ||    84
       Kick              |     2 |    12 |    60 |   163 |    47 ||   284
       Quarterstaff      |       |    73 |   188 |   356 |    74 ||   691
       Dire flail        |       |       |     5 |       |       ||     5
Throw: Dart              |    14 |    22 |    43 |    38 |       ||   117
Invok: Berserk           |       |       |     5 |     4 |     1 ||    10
       Brothers in Arms  |       |       |       |     3 |     3 ||     6
Evoke: Wand              |       |     5 |    21 |    67 |     6 ||    99
  Use: Scroll            |     4 |    10 |    16 |    13 |     2 ||    45
       Potion            |     5 |     1 |     2 |     6 |     3 ||    17
 Stab: Sleeping          |       |     2 |     3 |     3 |     1 ||     9
       Invisible         |       |       |     3 |       |       ||     3
       Paralysed         |       |       |     1 |    11 |       ||    12
       Petrifying        |       |       |       |     1 |       ||     1
       Petrified         |       |       |       |     3 |       ||     3
       Distracted        |       |       |       |     1 |       ||     1
Armor: Scale mail        |    27 |    17 |       |       |       ||    44
       Skin              |     2 |       |       |       |       ||     2
       Leather armour    |       |    18 |    17 |       |       ||    35
       Acid dragon scale |       |       |    87 |   105 |       ||   192
       Ice dragon scales |       |       |       |    64 |    75 ||   139
Dodge: Dodged            |    13 |    51 |   125 |   183 |    79 ||   451
Block: Kite shield       |    25 |       |       |     5 |       ||    30
